 Dungeon Crawl Stone Soup version 0.27-a0-637-g3a9f0a9c12 (webtiles) character file.

Game seed: 677957895843674482

841527 Narval the Conqueror (level 27, -1/218 HPs)
             Began as a Minotaur Monk on Mar 12, 2021.
             Was the Champion of Okawaru.
             Killed from afar by an electric golem (27 damage)
             ... with a bolt of lightning
             ... on level 5 of the Realm of Zot on Mar 14, 2021.
             The game lasted 09:24:20 (76849 turns).

Narval the Conqueror (Minotaur Monk)               Turns: 76849, Time: 09:24:21

Health: -1/218     AC: 44    Str: 29    XL:     27
Magic:  35/35      EV: 32    Int: 11    God:    Okawaru [******]
Gold:   8362       SH:  0    Dex: 34    Spells: 26/26 levels left

rFire    + + +     SeeInvis .   b - +8 storm bow {elec, penet}
rCold    + . .     Faith    .   (shield currently unavailable)
rNeg     + + .     Spirit   .   T - +4 crystal plate armour of Infinity {rN+ Str+4 Dex+3}
rPois    +         Reflect  .   t - +0 hat of the Garden {Str+5 Int+2}
rElec    .         Harm     .   j - scarf {rC+ rF+}
rCorr    +         Rampage  .   r - +2 pair of gloves {archery}
Will     +++++     Clarity  +   O - +2 pair of boots of Kelead {rPois rCorr Slay+2}
Stlth    ..........             J - amulet of the Four Winds {rN+ Will+++ Clar}
HPRegen  0.46/turn              u - ring "Awkycom" {Will+ Int+2 Dex+6 Slay+2}
MPRegen  0.24/turn              f - ring of Saigafro {rF+ Dex+5}

@: studying 2 skills
A: horns 2, retaliatory headbutt, thin skeletal structure 1, clarity,
deterioration 1, fire resistance 1, frail 2, low mp 1, sense surroundings 1,
poison resistance, screaming 2, shaggy fur 1, weak 2, subdued magic 1
}: 5/15 runes: barnacled, slimy, silver, iron, gossamer
a: Renounce Religion, Heroism, Finesse


You were on level 5 of the Realm of Zot.
You worshipped Okawaru.
Okawaru was exalted by your worship.
You visited 15 branches of the dungeon, and saw 66 of its levels.
You visited the Abyss 1 time.
You visited 1 bazaar.
You also visited: Ice Cave.

You collected 15064 gold pieces.
You spent 6702 gold pieces at shops.

Inventory:

Hand Weapons
 a - the +9 executioner's axe "Wadgh" {flame, rElec rF- MP+9 SInv}
   (Okawaru gifted it to you on level 3 of the Elven Halls)

   It has been specially enchanted to burn those struck by it, causing extra
   injury to most foes and up to half again as much damage against particularly
   susceptible opponents.
   Big, fiery blades are also staple armaments of hydra-hunters.
   It makes you vulnerable to fire.
   It insulates you from electricity.
   It affects your magic capacity (+9).
   It lets you see invisible.
 b - the +8 storm bow (weapon) {elec, penet}
   (You found it on level 3 of the Crypt)

   It charges the ammunition it shoots with electricity; occasionally upon a
   hit, such missiles may discharge and cause terrible harm.
   Ammo fired by it passes through the targets it hits, potentially hitting all
   targets in its path until it reaches maximum range.
 N - a +9 vampiric executioner's axe
Missiles
 L - 2105 arrows (quivered ammo)
Armour
 e - a +2 pair of boots of rampaging
 h - the +0 pair of boots of Gestures {Will- Dex+3 Slay+3}
   (Okawaru gifted it to you on level 2 of the Orcish Mines)

   It affects your dexterity (+3).
   It affects your accuracy and damage with ranged weapons and melee attacks
   (+3).
   It affects your willpower, your defense against some magical effects.
 j - a scarf of resistance (worn)
 l - the +0 pair of gloves of Pubohij {*Corrode rF++ rC+ Dex+2}
   (You bought it in a shop on level 2 of the Vaults)

   It affects your dexterity (+2).
   It greatly protects you from fire.
   It protects you from cold.
   It may corrode you when you take damage.
 r - a +2 pair of gloves of archery (worn)
 t - the +0 hat of the Garden (worn) {Str+5 Int+2}
   (Okawaru gifted it to you on level 2 of the Elven Halls)

   It affects your strength (+5).
   It affects your intelligence (+2).
 y - a +2 pair of boots of flying
 E - the +7 crystal plate armour "Gimacs" {rPois rF- Regen+}
   (Okawaru gifted it to you in an ice cave)

   It makes you vulnerable to fire.
   It protects you from poison.
   It increases your rate of regeneration.
 F - a +2 cloak of preservation
 O - the +2 pair of boots of Kelead (worn) {rPois rCorr Slay+2}
   (Okawaru gifted it to you on level 1 of the Realm of Zot)

   It affects your accuracy and damage with ranged weapons and melee attacks
   (+2).
   It protects you from poison.
   It provides partial protection from all sources of acid and corrosion.
 T - the +4 crystal plate armour of Infinity (worn) {rN+ Str+4 Dex+3}
   (Okawaru gifted it to you on level 5 of the Vaults)

   It affects your strength (+4).
   It affects your dexterity (+3).
   It protects you from negative energy.
Jewellery
 d - the necklace of Bloodlust {*Rage +Rage Will++ Int-3 Slay+6}
   (You found it in an ice cave)

   [amulet of nothing]

   It affects your intelligence (-3).
   It affects your accuracy and damage with ranged weapons and melee attacks
   (+6).
   It affects your willpower, your defense against some magical effects.
   It lets you go berserk.
   It may make you go berserk in combat.
 f - the ring of Saigafro (left hand) {rF+ Dex+5}
   (You found it on level 3 of the Elven Halls)

   [ring of protection from fire]

   It affects your dexterity (+5).
   It protects you from fire.
 u - the ring "Awkycom" (right hand) {Will+ Int+2 Dex+6 Slay+2}
   (You found it on level 5 of the Pits of Slime)

   [ring of dexterity]

   It affects your intelligence (+2).
   It affects your dexterity (+6).
   It affects your accuracy and damage with ranged weapons and melee attacks
   (+2).
   It affects your willpower, your defense against some magical effects.
 J - the amulet of the Four Winds (around neck) {rN+ Will+++ Clar}
   (You found it on level 4 of the Lair of Beasts)

   [amulet of nothing]

   It protects you from negative energy.
   It affects your willpower, your defense against some magical effects.
   It protects you against confusion.
 S - the ring "Poozahow" {*Slow rF+++ MP+9 Int+4 SInv}
   (You found it on level 3 of the Elven Halls)

   [ring of magical power]

   It affects your intelligence (+4).
   It renders you almost immune to fire.
   It affects your magic capacity (+9).
   It lets you see invisible.
   It may slow you when you take damage.
 V - the ring of Equilibrium {rF+ rC+ Will+ MP+9}
   (You bought it in a shop on level 2 of the Orcish Mines)

   [ring of magical power]

   It protects you from fire.
   It protects you from cold.
   It affects your willpower, your defense against some magical effects.
   It affects your magic capacity (+9).
Wands
 i - a wand of digging (11)
 K - a wand of polymorph (43)
Scrolls
 m - 6 scrolls of magic mapping
 n - 17 scrolls of teleportation
 s - 8 scrolls of fog
 w - 3 scrolls of holy word
 z - 7 scrolls of enchant weapon
 B - 2 scrolls of blinking
 D - 9 scrolls of enchant armour
 Q - 3 scrolls of silence
 R - 2 scrolls of summoning
 Y - 12 scrolls of fear
Potions
 c - 2 potions of haste
 g - 2 potions of invisibility
 p - 2 potions of mutation {!q}
 q - 4 potions of berserk rage
 x - 19 potions of curing
 A - 12 potions of attraction
 C - 4 potions of magic
 H - 5 potions of lignification
 I - 2 potions of resistance
 U - a potion of cancellation
 X - 12 potions of might
Miscellaneous
 o - a lightning rod (4/4)
 v - a phial of floods
 M - a tin of tremorstones (2/2)
 P - a phantom mirror (inert)
 W - a condenser vane
 Z - the horn of Geryon


   Skills:
 O Level 27 Fighting
 + Level 22.3 Axes
 + Level 22.2 Bows
 O Level 27 Armour
 O Level 27 Dodging
 - Level 5.0 Stealth
 O Level 27 Invocations
 + Level 6.2 Evocations


You had 26 spell levels left.
You didn't know any spells.
Your spell library contained the following spells:

 Spells                   Type           Power      Damage    Failure   Level
 Animate Skeleton         Necr           0%         N/A       87%         1
 Apportation              Tloc           0%         N/A       87%         1
 Beastly Appendage        Tmut           0%         N/A       87%         1
 Corona                   Hex            0%         N/A       87%         1
 Foxfire                  Conj/Fire      0%         2x1d4     87%         1
 Magic Dart               Conj           0%         1d3       87%         1
 Pain                     Necr           0%         1d4       87%         1
 Sandblast                Erth           0%         2d4       87%         1
 Shock                    Conj/Air       0%         1d3       87%         1
 Sting                    Tmut/Pois      0%         1d3       87%         1
 Summon Small Mammal      Summ           0%         N/A       87%         1
 Blink                    Tloc           N/A        N/A       95%         2
 Call Imp                 Summ           0%         N/A       95%         2
 Corpse Rot               Necr/Air       N/A        N/A       95%         2
 Ensorcelled Hibernation  Hex/Ice        0%         N/A       95%         2
 Passwall                 Tmut/Erth      0%         N/A       95%         2
 Poisonous Vapours        Pois/Air       0%         N/A       95%         2
 Searing Ray              Conj           0%         3d3       95%         2
 Slow                     Hex            0%         N/A       95%         2
 Sublimation of Blood     Necr           0%         N/A       95%         2
 Swiftness                Air            0%         N/A       95%         2
 Call Canine Familiar     Summ           0%         N/A       99%         3
 Confusing Touch          Hex            0%         N/A       99%         3
 Conjure Flame            Conj/Fire      0%         6-21      99%         3
 Dazzling Flash           Conj/Hex       0%         N/A       99%         3
 Gell's Gravitas          Tloc           0%         N/A       99%         3
 Ignite Poison            Fire/Tmut/Pois 0%         N/A       99%         3
 Lesser Beckoning         Tloc           0%         N/A       99%         3
 Mephitic Cloud           Conj/Pois/Air  0%         N/A       99%         3
 Static Discharge         Conj/Air       0%         N/A       99%         3
 Stone Arrow              Conj/Erth      0%         3d7       99%         3
 Summon Guardian Golem    Hex/Summ       0%         N/A       99%         3
 Teleport Other           Tloc           0%         N/A       99%         3
 Tukima's Dance           Hex            0%         N/A       99%         3
 Vampiric Draining        Necr           0%         2d6       99%         3
 Airstrike                Air            0%         N/A       100%        4
 Animate Armour           Summ/Erth      0%         N/A       100%        4
 Animate Dead             Necr           0%         N/A       100%        4
 Cause Fear               Hex            0%         N/A       100%        4
 Dispel Undead            Necr           0%         3d6       100%        4
 Fulminant Prism          Conj/Hex       0%         3d6       100%        4
 Ice Form                 Ice/Tmut       0%         N/A       100%        4
 Iskenderun's Mystic Bla  Conj/Tloc      0%         2d3       100%        4
 Leda's Liquefaction      Hex/Erth       0%         N/A       100%        4
 Manifold Assault         Tloc           0%         N/A       100%        4
 Olgreb's Toxic Radiance  Pois           0%         N/A       100%        4
 Petrify                  Tmut/Erth      0%         N/A       100%        4
 Summon Ice Beast         Ice/Summ       0%         N/A       100%        4
 Summon Lightning Spire   Summ/Air       0%         N/A       100%        4
 Agony                    Necr           0%         N/A       100%        5
 Alistair's Intoxication  Tmut/Pois      0%         N/A       100%        5
 Blade Hands              Tmut           0%         N/A       100%        5
 Bolt of Magma            Conj/Fire/Erth 0%         4d4       100%        5
 Excruciating Wounds      Necr           0%         N/A       100%        5
 Fireball                 Conj/Fire      0%         3d3       100%        5
 Irradiate                Conj/Tmut      0%         3d13      100%        5
 Iskenderun's Battlesphe  Conj           0%         2d6       100%        5
 Lee's Rapid Deconstruct  Erth           0%         3d5*      100%        5
 Lightning Bolt           Conj/Air       0%         1d11      100%        5
 Metabolic Englaciation   Hex/Ice        0%         N/A       100%        5
 Silence                  Hex/Air        0%         N/A       100%        5
 Summon Forest            Summ/Tloc      0%         N/A       100%        5
 Yara's Violent Unravell  Hex/Tmut       0%         3d3       100%        5
 Conjure Ball Lightning   Conj/Air       0%         3x3d6     100%        6
 Eringya's Noxious Bog    Tmut/Pois      0%         N/A       100%        6
 Freezing Cloud           Conj/Ice/Air   0%         6-21      100%        6
 Hydra Form               Tmut           0%         N/A       100%        6
 Invisibility             Hex            0%         N/A       100%        6
 Iron Shot                Conj/Erth      0%         9d1       100%        6
 Simulacrum               Ice/Necr       0%         N/A       100%        6
 Starburst                Conj/Fire      0%         8x6d3     100%        6
 Statue Form              Tmut/Erth      0%         N/A       100%        6
 Dragon Form              Tmut           0%         N/A       100%        7
 Orb of Destruction       Conj           0%         N/A       100%        7
 Ozocubu's Refrigeration  Ice            0%         4d5       100%        7
 Spellforged Servitor     Conj/Summ      0%         N/A       100%        7
 Summon Hydra             Summ           0%         N/A       100%        7
 Chain Lightning          Conj/Air       0%         N/A       100%        8
 Discord                  Hex            0%         N/A       100%        8
 Ignition                 Fire           0%         3d3       100%        8
 Lehudib's Crystal Spear  Conj/Erth      0%         10d2      100%        8
 Absolute Zero            Ice            0%         ∞         100%        9
 Dragon's Call            Summ           0%         N/A       100%        9
 Fire Storm               Conj/Fire      0%         5d1       100%        9
 Shatter                  Erth           0%         3d5*      100%        9
 Tornado                  Air            0%         N/A       100%        9


Dungeon Overview and Level Annotations

Branches:
Dungeon (15/15)            Temple (1/1) D:5            Lair (6/6) D:9
 Shoals (4/4) Lair:4       Spider (4/4) Lair:4        Slime (5/5) Lair:6
    Orc (2/2) D:9             Elf (3/3) Orc:2        Vaults (5/5) D:13
  Crypt (3/3) Vaults:2       Tomb (1/3) Crypt:3      Depths (5/5) D:15
   Hell (visited)             Dis (7/7) Hell            Geh (0/7) Hell
    Coc (0/7) Hell            Tar (0/7) Hell            Zot (5/5) Depths:5
  IceCv (visited)

Altars:
Ashenzari
Cheibriados
Dithmenos
Fedhas
Gozag
Hepliaklqana
Kikubaaqudgha
Nemelex Xobeh
Okawaru
Qazlal
Ru
Sif Muna
Trog
Uskayaw
Vehumet
Wu Jian
Xom
Yredelemnul
Zin
The Shining One
Beogh
Jiyva

Shops:
D:9 (   D:11 **(   Orc:2 (??=   Elf:1 =::   Elf:3 [?:   Vaults:1 (   Vaults:2 [
Depths:1 [?=   Depths:4 (*   Depths:5 *

Portals:
Hell: Depths:1 Depths:2 Depths:3 Depths:4 Depths:5
Abyss: Depths:1 Depths:4
Pandemonium: Depths:3 Depths:5
Ziggurat: Depths:3

Annotations:
Zot:2 exclusion: 3 oklob plants


Innate Abilities, Weirdness & Mutations

You have a pair of horns on your head.
You reflexively headbutt those who attack you in melee.
You have a somewhat thin skeletal structure. (Dex +2, Stealth)
You possess an exceptional clarity of mind.
Your body sometimes deteriorates upon taking damage.
Your flesh is heat resistant. (rF+)
You are very frail. (-20% HP)
Your magical capacity is low. (-10% MP)
You passively map a small area around you.
Your system is resistant to poisons. (rPois)
You sometimes yell uncontrollably at your foes.
You are covered in fur. (AC +1)
You are very weak. (Str -4)
Your spells are a little easier to cast, but a little less powerful.


Message History

Your +2 pair of gloves of archery unmelds from your body.
The +2 pair of boots of Kelead {rPois rCorr Slay+2} unmelds from your body.
The +4 crystal plate armour of Infinity {rN+ Str+4 Dex+3} unmelds from your body.
The ring of Saigafro {rF+ Dex+5} unmelds from your body.
The ring "Awkycom" {Will+ Int+2 Dex+6 Slay+2} unmelds from your body.
The amulet of the Four Winds {rN+ Will+++ Clar} unmelds from your body.
You hear the crackle of electricity.
You feel resistant to extremes of temperature.
You feel that your aim is more steady.
You feel agile.
You start resting.
An electric golem comes into view.
The electric golem blinks!
Press: ? - help, v - describe, . - travel
Here: an electric golem The floor.
Okay, then.
Unknown command.
Aiming: Phantom Mirror
Press: ? - help, Dir - move target, f - electric golem
Aim: an electric golem You reflect the electric golem with the mirror!
The mirror clouds!
Your electric golem hits the electric golem.
Your electric golem shocks the electric golem.
The electric golem completely resists.
Your electric golem hits the electric golem but does no damage.
Your electric golem hits the electric golem. x2
The electric golem hits your electric golem!
The electric golem shocks your electric golem.
Your electric golem completely resists.
The electric golem hits your electric golem!
The electric golem shocks your electric golem.
Your electric golem completely resists.
The electric golem hits your electric golem but does no damage.
The electric golem hits your electric golem.
The electric golem hurls lightning at you.
The bolt of lightning misses your electric golem.
The bolt of lightning hits you!!
You die...

,,***,,.###########...###.......X
,**,,,,** ##....##.......
,^,,,*** ###.(......... ******
#▓▓▓▓▓▓▓▓▓▓▓ ,**** ****,,.....
,.,,*** ***,,,,,.^... ,....,**
**,,,.,,,..... ,...?,,* ▓▓▓▓▓▓▓▓▓
*,,,..,,,.....
,.....,*▓▓......@▓▓*,,...,,,.....
,......▓▓.........▓▓,....,,,.....
,....^.▓.....8.....▓...^.,,,.....
,........§..80...........,,,,,,^,
,......▓..^^.......▓....,,,,,,,,,
,......▓▓.........▓▓^...,,,,,,,,,
,.....,*▓▓.......▓▓*,...,,,,,,,,,
,....,,* ▓▓▓▓▓▓▓▓▓ *,,..,,,,,,,,,
,....,** **,,,,,,,,,,,,


You could see an electric golem (ally target) and a friendly electric golem
(summoned, drained).

Vanquished Creatures
  the Royal Jelly (Slime:5)
  Dissolution (Slime:5)
  Dispater (Dis:7)
  3 dread liches
  4 orbs of fire (Zot:5)
  An ancient lich (Zot:5)
  Mara (Depths:2)
  A juggernaut (Depths:1)
  A royal mummy (Tomb:1)
  Bai Suzhen (Crypt:2)
  2 Killer Klowns (Zot:5)
  4 curse toes
  4 caustic shrikes (Depths:5)
  Geryon (Hell)
  9 golden dragons
  Nikola (Depths:2)
  the Enchantress (Depths:2)
  4 bone dragons
  9 iron giants
  5 Brimstone Fiends (Dis:7)
  2 Tzitzimimeh
  2 electric golems (Zot:5)
  13 tentacled monstrosities
  The ghost of Efics the Covert, an adept GnBr of Gozag (Elf:3)
  Rupert (Lair:3)
  11 liches
  22 Orb Guardians (Zot:5)
  6 Ice Fiends
  7 Hell Sentinels
  Asterion (Spider:1)
  A deep elf master archer (Elf:3)
  9 quicksilver dragons
  42 acid blobs
  3 deep elf blademasters
  7 titans
  2 krakens
  18 ancient champions
  4 Executioners
  16 sphinxes
  9 death cobs
  8 shadow dragons
  4 tentacled starspawn (Abyss:1)
  8 tengu reavers
  9 fire giants
  6 draconian monks
  The ghost of Tacsoot the Fencer, an adept DrGl of Ashenzari (Depths:2)
  16 storm dragons
  17 azure jellies
  A revenant (Tomb:1)
  Ilsuiw (Shoals:3)
  22 vault wardens
  5 emperor scorpions
  2 draconian scorchers
  8 ghost moths
  9 frost giants
  6 iron dragons
  Aizul (Depths:2)
  9 deep elf sorcerers
  3 cacodemons (Dis:7)
  An emperor scorpion (shapeshifter) (Vaults:2)
  3 balrugs
  2 deep elf elementalists
  3 orc warlords
  The ghost of manon the Severer, a journeyman DsBe of Trog (D:13)
  4 curse skulls
  4 draconian knights
  7 draconian shifters
  7 ghouls
  3 draconian annihilators
  4 spriggan defenders
  40 reapers
  4 draconian stormcallers
  13 ironbound preservers
  18 war gargoyles
  20 stone giants
  Nessos (D:15)
  14 very ugly things
  11 green draconians
  2 lorocyprocas
  7 vampire knights
  12 deep elf demonologists
  A dire elephant (D:15)
  4 white draconians
  3 entropy weavers
  12 spark wasps
  6 deep elf annihilators
  7 red draconians
  4 purple draconians
  6 yellow draconians
  5 black draconians
  A spark wasp (shapeshifter) (Vaults:5)
  3 blizzard demons
  20 deep elf death magi
  5 eidola
  A green death (Hell)
  13 removed death oozes
  8 mummy priests
  A merfolk javelineer (Shoals:3)
  Snorg (D:11)
  15 ettins
  3 quicksilver dragon zombies
  An ettin (shapeshifter) (Depths:3)
  8 merfolk impalers
  19 yaktaur captains
  6 deep elf high priests
  Fannar (Lair:3)
  14 jiangshi
  The ghost of Baz the Thaumaturge, a journeyman TeCj of Vehumet (Lair:4)
  16 great orbs of eyes
  15 fire dragons
  8 boulder beetles
  3 rakshasas
  11 hydras
  11 ice dragons
  7 centaur warriors
  11 spriggan air magi
  33 vault guards
  A juggernaut simulacrum (Depths:2)
  4 hell beasts
  5 ogre magi
  A merfolk avatar (Shoals:1)
  A monstrous demonspawn (Depths:5)
  2 catoblepae
  4 death knights
  4 alligator snapping turtles (Shoals:4)
  A satyr (Shoals:3)
  23 two-headed ogres
  4 merfolk aquamancers
  12 deep troll earth magi
  34 dancing weapons
  12 deep troll shamans
  3 thrashing horrors (Abyss:1)
  6 death yaks (Lair:6)
  8 tengu warriors
  3 hell hogs (Hell)
  2 shock serpents (shapeshifter) (Depths:3)
  2 orc high priests
  A hell knight (Depths:1)
  2 storm dragon zombies
  5 vampire magi
  5 sun demons (Hell)
  Urug (D:11)
  20 soul eaters
  8 spriggan berserkers
  7 iron golems
  2 titan zombies
  30 deep elf knights
  A titan skeleton (Dis:3)
  A fire crab (shapeshifter) (Depths:3)
  3 ghost moth zombies
  A bunyip zombie (Crypt:2)
  65 skeletal warriors
  5 wretched stars (Abyss:1)
  A spatial maelstrom (Abyss:1)
  7 shadow wraiths
  A spark wasp zombie (Hell)
  12 iron trolls
  2 sixfirhies (Depths:5)
  A deep troll (shapeshifter) (Vaults:5)
  A salamander mystic (Depths:5)
  2 golden dragon zombies
  13 sea snakes
  8 large abominations (Abyss:1)
  28 deep trolls
  A kraken simulacrum (Shoals:4)
  2 shadow demons
  7 unseen horrors
  12 flayed ghosts
  4 shadow dragon zombies
  4 necromancers
  5 bog bodies
  3 anaconda zombies (Hell)
  17 ironbound convokers
  16 phantasmal warriors
  A torturous demonspawn (Depths:3)
  A sphinx zombie (Hell)
  4 glowing orange brains
  17 orb spiders
  A golden dragon skeleton (Crypt:3)
  14 orc knights
  18 deep elf archers
  An obsidian statue (Zot:5)
  37 deep elf pyromancers
  5 wolf spider zombies
  A wizard (Depths:2)
  5 frost giant zombies
  3 iron dragon zombies
  A wolf spider (shapeshifter) (Depths:3)
  14 harpies
  38 wolf spiders
  19 manticores
  36 ugly things
  30 deep elf zephyrmancers
  5 stone giant zombies
  4 shining eyes
  9 oklob plants
  A manticore (shapeshifter) (Vaults:5)
  5 fire giant zombies
  4 orc sorcerers
  3 salamanders (Depths:5)
  10 cyclopes
  15 merfolk sirens
  A frost giant skeleton (Tomb:1)
  3 spectral centaurs (D:13)
  A faun (Shoals:2)
  18 moths of wrath
  8 elephants (Lair:6)
  A cyclops (shapeshifter) (Depths:3)
  5 torpor snails
  2 dire elephant zombies (Dis:1)
  An ice statue (IceCv)
  15 vault sentinels
  46 rust devils
  Maurice (Orc:1)
  An elephant (shapeshifter) (Depths:3)
  9 black mambas
  Joseph (D:7)
  2 gargoyles
  3 eyes of devastation
  6 water nymphs
  2 centaur skeletons
  Maggie (D:7)
  A shock serpent skeleton (Dis:1)
  11 cane toads
  3 catoblepas zombies
  3 emperor scorpion zombies
  2 orange demons (Depths:5)
  2 smoke demons (Abyss:1)
  3 kobold demonologists
  15 hellions
  A rime drake (Lair:1)
  An efreet (Dis:2)
  2 cane toads (shapeshifter)
  2 minotaur zombies
  13 komodo dragons
  Psyche (D:8)
  A redback zombie (D:14)
  A rime drake (shapeshifter) (Vaults:3)
  2 yaktaur zombies
  14 freezing wraiths
  16 ice devils
  16 demonic crawlers
  A red draconian zombie (Dis:6)
  54 yaktaurs
  31 tormentors
  4 tengu conjurers
  14 red devils
  2 hellwings
  3 hydra zombies
  2 ancient zymes (Abyss:1)
  15 guardian mummies
  A silent spectre (Vaults:1)
  20 merfolk
  2 purple draconian skeletons
  13 trolls
  35 jumping spiders
  7 wind drakes
  18 hornets
  2 ice dragon zombies (Hell)
  20 polar bears
  10 blink frogs
  18 dream sheep
  2 hydra skeletons (Hell)
  2 raiju (Abyss:1)
  A hornet (shapeshifter) (Depths:3)
  139 slime creatures
  A wind drake (shapeshifter) (Depths:3)
  3 slime creatures (shapeshifter)
  5 fire dragon zombies
  A meliai zombie (D:13)
  A stone giant simulacrum (Vaults:5)
  A boulder beetle zombie (Crypt:1)
  12 snapping turtles
  3 ettin zombies
  A frost giant simulacrum (Vaults:4)
  34 flying skulls
  2 centaur simulacra (D:13)
  A redback (shapeshifter) (Depths:5)
  2 alligator skeletons
  2 ettin skeletons
  A fire dragon skeleton (Crypt:3)
  7 spriggans
  4 air elementals
  Sigmund (D:2)
  A spriggan (shapeshifter) (Depths:3)
  37 tarantellas
  10 wyverns
  9 ushabtiu
  A tarantella (shapeshifter) (Depths:3)
  3 basilisks
  18 wraiths
  2 fire bats (Abyss:1)
  A vampire (D:15)
  81 redbacks
  66 yaks
  24 shadows
  3 fire elementals
  17 water elementals
  A basilisk (shapeshifter) (Vaults:2)
  4 chaos spawn
  A golden eye (shapeshifter) (Depths:3)
  21 golden eyes
  3 vampire mosquitoes (D:14)
  Menkaure (D:4)
  8 wargs
  2 deep troll zombies
  A warg (shapeshifter) (Vaults:5)
  A spatial vortex (Abyss:1)
  A harpy simulacrum (D:13)
  2 acid dragons
  2 cane toad zombies
  22 water moccasins
  A floating eye (Depths:3)
  22 hell hounds
  60 orc warriors
  2 cane toad skeletons (Hell)
  A deep troll skeleton (Vaults:2)
  5 sky beasts
  A fire dragon simulacrum (Crypt:3)
  An elephant zombie (Crypt:2)
  3 ice beasts
  4 black bears
  13 necrophages
  A spriggan simulacrum (Depths:1)
  A snapping turtle zombie (Dis:6)
  An alligator simulacrum (Hell)
  A dream sheep zombie (Crypt:1)
  28 ogres
  An ogre (shapeshifter) (Depths:3)
  7 removed eyes of draining
  2 snapping turtle skeletons
  35 wolves
  3 boggarts (Vaults:1)
  22 centaurs
  5 phantoms
  A hog skeleton (Crypt:1)
  6 kobold brigands
  2 elf zombies
  14 bullfrogs
  3 glowing shapeshifter simulacra
  3 human skeletons
  5 small abominations (Abyss:1)
  2 earth elementals (Elf:2)
  A wyvern zombie (D:11)
  11 scorpions
  A spriggan zombie (Dis:7)
  27 wights
  31 killer bees
  A polar bear skeleton (Crypt:3)
  4 howler monkeys
  6 electric eels
  6 crimson imps
  A bullfrog zombie (D:11)
  7 centaur zombies
  8 jellies
  2 human simulacra (Vaults:1)
  7 quasits
  38 iron imps
  21 orc priests
  7 hounds
  A bullfrog skeleton (D:8)
  28 orc wizards
  Jessica (D:2)
  7 iguanas
  Natasha (D:2)
  11 worker ants
  A deep dwarf zombie (Crypt:3)
  A naga zombie (Dis:6)
  A tengu skeleton (Dis:3)
  A naga skeleton (Crypt:1)
  27 mummies
  A howler monkey zombie (D:7)
  A worker ant zombie (D:11)
  A howler monkey skeleton (D:11)
  18 adders
  A shadow imp (Depths:3)
  3 white imps
  7 ufetubi
  2 oozes
  A lava snake zombie (Crypt:2)
  An adder skeleton (D:9)
  4 worms
  2 dart slugs
  6 leopard geckos
  92 orcs
  2 ball pythons
  7 bats
  A bat skeleton (Crypt:1)
  4 giant cockroaches
  6 goblins
  8 hobgoblins
  6 frilled lizards
  A gnoll skeleton (Crypt:2)
  A hobgoblin skeleton (Crypt:1)
  A hobgoblin zombie (Crypt:1)
  20 kobolds
  A leopard gecko zombie (D:9)
  An orc skeleton (Dis:2)
  An orc zombie (Crypt:2)
  A quokka skeleton (D:9)
  5 rats
  A rat zombie (Crypt:3)
  3 bushes (Zot:2)
  A fungus (Zot:2)
  3 plants
  5 starspawn tentacles (Abyss:1)
  9 tentacles
3392 creatures vanquished.

Vanquished Creatures (collateral kills)
  2 Orb Guardians (Zot:5)
  2 ancient champions (Crypt:3)
  A fire giant zombie (Crypt:3)
  A freezing wraith (Crypt:3)
6 creatures vanquished.

Vanquished Creatures (others)
  A vault warden (Vaults:1)
  A draconian stormcaller (Depths:5)
  A deep elf high priest (Elf:3)
  An ice dragon (Depths:5)
  A spriggan air mage (Depths:5)
  A deep troll shaman (Depths:2)
  A tengu warrior (Depths:5)
  An unseen horror (D:13)
  A glowing orange brain (Depths:2)
  A deep elf zephyrmancer (Elf:1)
  A deep elf pyromancer (Vaults:2)
  An ugly thing (Depths:2)
  A slime creature (Slime:4)
  A warg (Vaults:5)
  A centaur (Vaults:1)
  2 orc priests (Elf:1)
  An orc wizard (Elf:1)
  3 orcs
  6 bushes (D:14)
  43 fungi
  107 plants
  7 starspawn tentacles (Abyss:1)
  16 tentacles
  A withered plant (D:11)
201 creatures vanquished.

Grand Total: 3599 creatures vanquished

Notes
Turn   | Place    | Note
-------+----------+-------------------------------------------
     0 | D:1      | Narval the Minotaur Monk began the quest for the Orb.
     0 | D:1      | Reached XP level 1. HP: 19/19 MP: 0/0
   127 | D:1      | Reached XP level 2. HP: 22/27 MP: 1/1
   799 | D:2      | Found a broken altar of Ashenzari.
   806 | D:2      | Reached XP level 3. HP: 30/33 MP: 2/2
  1013 | D:2      | Found an ornate altar of the Wu Jian Council.
  1123 | D:2      | Noticed Natasha
  1126 | D:2      | Killed Natasha
  1283 | D:2      | Noticed Sigmund
  1297 | D:2      | Killed Sigmund
  1298 | D:2      | Reached skill level 5 in Fighting
  1298 | D:2      | Reached XP level 4. HP: 23/42 MP: 3/3
  1298 | D:2      | Reached XP level 5. HP: 26/48 MP: 4/4
  1512 | D:2      | Noticed Jessica
  1518 | D:2      | Killed Jessica
  1777 | D:3      | Reached XP level 6. HP: 56/56 MP: 5/5
  2187 | D:3      | Reached skill level 1 in Armour
  3043 | D:4      | Noticed Menkaure
  3495 | D:4      | Killed Menkaure
  3496 | D:4      | Reached XP level 7. HP: 62/62 MP: 6/6
  3615 | D:5      | Entered Level 5 of the Dungeon
  3616 | D:5      | Found a staircase to the Ecumenical Temple.
  3630 | Temple   | Entered the Ecumenical Temple
  3637 | Temple   | Became a worshipper of Warmaster Okawaru
  3637 | Temple   | Reached * piety under Okawaru
  3637 | Temple   | Reached ** piety under Okawaru
  3992 | D:5      | You fall into a shaft and drop 2 floors!
  3993 | D:7      | Noticed Joseph
  4009 | D:7      | Killed Joseph
  4009 | D:7      | Reached *** piety under Okawaru
  4010 | D:7      | Reached XP level 8. HP: 59/71 MP: 4/7
  4223 | D:7      | Found a hazy altar of Hepliaklqana.
  4287 | D:7      | Found a glowing silver altar of Zin.
  4322 | D:6      | Found a sacrificial altar of Ru.
  4407 | D:6      | Reached skill level 1 in Invocations
  4493 | D:6      | Reached skill level 5 in Armour
  4518 | D:6      | Reached skill level 10 in Axes
  5714 | D:6      | Reached XP level 9. HP: 64/81 MP: 9/9
  5880 | D:6      | Reached **** piety under Okawaru
  6290 | D:7      | Noticed Maggie
  6315 | D:7      | Killed Maggie
  7307 | D:8      | Found a radiant altar of Vehumet.
  7498 | D:8      | Noticed Psyche
  7505 | D:8      | Killed Psyche
  7505 | D:8      | Reached ***** piety under Okawaru
  7550 | D:8      | Found a basalt altar of Yredelemnul.
  7556 | D:8      | Found a shimmering altar of Xom.
  7573 | D:8      | Found a blossoming altar of Fedhas.
  7778 | D:8      | Found a bloodstained altar of Trog.
  7800 | D:8      | Reached XP level 10. HP: 93/93 MP: 10/10
  8146 | D:9      | Reached skill level 10 in Fighting
  8350 | D:9      | Received a gift from Okawaru
  8474 | D:9      | Found a staircase to the Lair.
  8944 | D:9      | Found a staircase to the Orcish Mines.
  8999 | D:9      | Found an opulent altar of Gozag.
  9091 | D:9      | Found a sacrificial altar of Ru.
  9513 | D:9      | Found Seqitouhi's Antique Weapon Shoppe.
  9648 | D:9      | Identified the +7 flail "Luoliad" {drain, *Rage rN++ SInv}
  9780 | D:9      | Identified the +7 flail of Anger {speed, rF+++ Str+2}
  9804 | D:9      | Found a glowing golden altar of the Shining One.
 10053 | D:10     | Entered Level 10 of the Dungeon
 10087 | D:10     | Reached skill level 1 in Bows
 10452 | D:10     | Killed an unseen horror
 10500 | D:10     | Reached XP level 11. HP: 102/102 MP: 12/12
 10573 | D:10     | Reached skill level 5 in Dodging
 10757 | D:10     | Noticed an unseen horror
 10767 | D:10     | Killed an unseen horror
 10767 | D:10     | Received a gift from Okawaru
 10953 | D:10     | Noticed a cyan ugly thing
 10981 | D:10     | Killed a cyan ugly thing
 10981 | D:10     | Received a gift from Okawaru
 11233 | D:10     | Noticed a two-headed ogre
 11242 | D:10     | Killed a two-headed ogre
 11242 | D:10     | Received a gift from Okawaru
 11258 | D:10     | Identified the +9 falchion of Perruz {venom, rPois Str+8
                  | Int-4}
 11329 | D:10     | Reached skill level 15 in Axes
 11918 | D:11     | Found Hevvac's General Store.
 12003 | D:11     | Noticed a purple ugly thing
 12038 | D:11     | Killed a purple ugly thing
 12052 | D:11     | Identified the Incunabulum of Sinister Moulding
 12451 | D:11     | Found a blossoming altar of Fedhas.
 12665 | D:11     | Noticed a six-headed hydra
 12707 | D:10     | Killed a six-headed hydra
 12971 | D:11     | Noticed Urug
 12996 | D:11     | Killed Urug
 12996 | D:11     | Received a gift from Okawaru
 13096 | D:11     | Found Nimeolynk's General Store.
 13319 | D:11     | Found Relaphith's Weapon Shoppe.
 13323 | D:11     | Noticed Snorg
 13340 | D:11     | Killed Snorg
 13341 | D:11     | Reached skill level 5 in Invocations
 13341 | D:11     | Reached XP level 12. HP: 15/112 MP: 14/14
 13912 | D:11     | Noticed a two-headed ogre
 13921 | D:11     | Killed a two-headed ogre
 14545 | D:12     | Reached skill level 5 in Bows
 14665 | D:12     | Noticed a six-headed hydra
 14679 | D:12     | Killed a six-headed hydra
 15313 | D:13     | Found a gate to the Vaults.
 15313 | D:13     | Noticed an ironheart preserver
 15343 | D:13     | Noticed a two-headed ogre
 15357 | D:13     | Killed a two-headed ogre
 15435 | D:13     | Reached ****** piety under Okawaru
 15479 | D:13     | Found a runed translucent gate.
 15479 | D:13     | Found a runed translucent gate.
 15480 | D:13     | Found a runed translucent gate.
 15483 | D:13     | Noticed manon's ghost (journeyman DsBe)
 15553 | D:13     | You fall into a shaft and drop 1 floor!
 15591 | D:13     | Found a frozen archway.
 15615 | IceCv    | Entered an ice cave
 15918 | IceCv    | Identified the +1 dagger of Broken Luck {elec, rPois Str+4}
 15951 | IceCv    | Identified the +7 crystal plate armour "Gimacs" {rPois rF-
                  | Regen+} (Okawaru gifted it to you in an ice cave)
 15951 | IceCv    | Received a gift from Okawaru
 16269 | IceCv    | Reached skill level 10 in Armour
 16269 | IceCv    | Reached XP level 13. HP: 105/118 MP: 17/17
 16426 | IceCv    | Noticed a frost giant
 16458 | IceCv    | Killed a frost giant
 16495 | IceCv    | Found the necklace of Bloodlust {*Rage +Rage Will++ Int-3
                  | Slay+6}
 17101 | D:13     | Reached skill level 10 in Dodging
 17156 | D:13     | Killed an ironheart preserver
 17817 | Lair:1   | Entered Level 1 of the Lair of Beasts
 17953 | Lair:1   | Received a gift from Okawaru
 18462 | Lair:2   | Received a gift from Okawaru
 19263 | Lair:3   | Received a gift from Okawaru
 19269 | Lair:3   | Reached XP level 14. HP: 126/126 MP: 19/19
 19494 | Lair:3   | Noticed Rupert
 19511 | Lair:3   | Killed Rupert
 19621 | Lair:3   | Noticed Fannar
 19638 | Lair:3   | Killed Fannar
 19638 | Lair:3   | Received a gift from Okawaru
 20122 | Lair:4   | Found a runed translucent gate.
 20122 | Lair:4   | Found a runed translucent gate.
 20122 | Lair:4   | Found a runed translucent gate.
 20123 | Lair:4   | Noticed Baz's ghost (journeyman TeCj)
 20127 | Lair:4   | Found a viscous altar of Jiyva.
 20128 | Lair:4   | Found the amulet of the Four Winds {rN+ Will+++ Clar}
 20138 | Lair:4   | Killed Baz's ghost
 20172 | Lair:4   | Identified a scroll of acquirement
 20173 | Lair:4   | Acquired 550 gold pieces
 20376 | Lair:4   | Found a hole to the Spider Nest.
 20691 | Lair:4   | Found a staircase to the Shoals.
 20730 | Lair:4   | Reached skill level 10 in Invocations
 21139 | Lair:5   | Found a shimmering altar of Xom.
 21187 | Lair:5   | Acquired a +2 vampiric executioner's axe
 21667 | Lair:6   | Entered Level 6 of the Lair of Beasts
 21735 | Lair:6   | Received a gift from Okawaru
 21913 | Lair:6   | Reached XP level 15. HP: 126/132 MP: 21/21
 22053 | Lair:6   | Found a staircase to the Slime Pits.
 22869 | Lair:6   | Identified the +1 leather armour "Ovvetoq" {rElec rC+ SInv}
 23095 | Orc:1    | Entered Level 1 of the Orcish Mines
 23169 | Orc:1    | Noticed an orc warlord
 23184 | Orc:1    | Killed an orc warlord
 23200 | Orc:1    | Identified the +9 triple sword of Uptiushra {protect, +Fly
                  | rN+ Str-3 Int+2} (Okawaru gifted it to you on level 1 of
                  | the Orcish Mines)
 23200 | Orc:1    | Received a gift from Okawaru
 23222 | Orc:1    | Noticed an orc warlord
 23243 | Orc:1    | Killed an orc warlord
 23386 | Orc:1    | Noticed Maurice
 23397 | Orc:1    | Killed Maurice
 23858 | Orc:2    | Entered Level 2 of the Orcish Mines
 23872 | Orc:2    | Reached skill level 1 in Evocations
 24042 | Orc:2    | Found Houmops's Magic Scroll Emporium.
 24042 | Orc:2    | Found Epsemp's Magic Scroll Boutique.
 24044 | Orc:2    | Found Lothraw's Weapon Shop.
 24046 | Orc:2    | Found Hienoc's Jewellery Shoppe.
 24184 | Orc:2    | Identified the +0 pair of boots of Gestures {Will- Dex+3
                  | Slay+3} (Okawaru gifted it to you on level 2 of the Orcish
                  | Mines)
 24184 | Orc:2    | Received a gift from Okawaru
 24298 | Orc:2    | Noticed an orc warlord
 24321 | Orc:2    | Killed an orc warlord
 24412 | Orc:2    | Found a staircase to the Elven Halls.
 24646 | Orc:2    | Bought the ring of Equilibrium {rF+ rC+ Will+ MP+9} for 512
                  | gold pieces
 24646 | Orc:2    | Bought a +4 ring of slaying for 858 gold pieces
 24652 | Orc:2    | Bought a scroll of enchant armour for 97 gold pieces
 24652 | Orc:2    | Bought a scroll of magic mapping for 45 gold pieces
 24653 | Orc:2    | Bought a scroll of blinking for 112 gold pieces
 24653 | Orc:2    | Bought a scroll of enchant weapon for 112 gold pieces
 24824 | Spider:1 | Entered Level 1 of the Spider Nest
 25044 | Spider:1 | Identified the +9 arbalest of Ragnarok {vorpal, Fragile
                  | rElec Int+8}
 25257 | Spider:1 | Noticed Asterion
 25272 | Spider:1 | Gained mutation: You are weak. (Str -2) [a cacodemon]
 25289 | Spider:1 | Killed Asterion
 25290 | Spider:1 | Reached XP level 16. HP: 102/142 MP: 20/22
 26140 | Spider:2 | Identified the +6 battleaxe of the Eggplant {venom,
                  | *Corrode rC++ Int+6} (Okawaru gifted it to you on level 2
                  | of the Spider Nest)
 26140 | Spider:2 | Received a gift from Okawaru
 26210 | Spider:2 | Reached skill level 5 in Evocations
 26739 | Spider:3 | Received a gift from Okawaru
 26915 | Spider:3 | Acquired 1080 gold pieces
 27299 | Spider:4 | Entered Level 4 of the Spider Nest
 27526 | Spider:4 | Reached skill level 15 in Armour
 27652 | Spider:4 | Reached skill level 15 in Fighting
 28077 | Spider:4 | Reached XP level 17. HP: 142/156 MP: 0/23
 28128 | Spider:4 | Received a gift from Okawaru
 28297 | Spider:4 | Got a gossamer rune of Zot
 28544 | Shoals:1 | Entered Level 1 of the Shoals
 29168 | Shoals:1 | Received a gift from Okawaru
 29429 | Shoals:2 | Acquired 826 gold pieces
 29809 | Shoals:2 | Found Lisuotoc's General Store.
 30165 | Shoals:2 | Noticed a kraken
 30191 | Shoals:2 | Killed a kraken
 30437 | Shoals:3 | Noticed Ilsuiw
 30450 | Shoals:3 | Reached skill level 15 in Dodging
 30472 | Shoals:3 | Killed Ilsuiw
 30639 | Shoals:3 | Noticed a kraken
 30656 | Shoals:3 | Killed a kraken
 30825 | Shoals:3 | Identified the +1 leather armour of Adghisec {+Fly}
 31387 | Shoals:4 | Entered Level 4 of the Shoals
 31565 | Shoals:4 | Reached XP level 18. HP: 128/166 MP: 24/24
 31821 | Shoals:4 | Got a barnacled rune of Zot
 31996 | Shoals:4 | Found a basalt altar of Yredelemnul.
 32074 | Shoals:4 | Received a gift from Okawaru
 32163 | Shoals:4 | Identified the +8 mace of the Thing {pain, Dex+6 SInv}
 32787 | D:13     | Killed manon's ghost
 32938 | Elf:1    | Entered Level 1 of the Elven Halls
 33169 | Elf:1    | Found Nunesk's Book Boutique.
 33170 | Elf:1    | Found Sehagaq's Jewellery Emporium.
 33171 | Elf:1    | Found Coiwerec's Book Boutique.
 33184 | Elf:1    | Bought a manual of Bows for 1656 gold pieces
 33417 | Elf:1    | Identified the +1 battleaxe "Heur Jyuph" {drain, Str+5}
                  | (Okawaru gifted it to you on level 1 of the Elven Halls)
 33417 | Elf:1    | Received a gift from Okawaru
 33680 | Elf:1    | Reached skill level 10 in Bows
 33827 | Elf:1    | Noticed a Tzitzimitl
 33885 | Elf:1    | Found a runed translucent gate.
 33885 | Elf:1    | Found a runed translucent gate.
 33885 | Elf:1    | Found a runed translucent gate.
 33885 | Elf:1    | Found a runed translucent gate.
 33885 | Elf:1    | Found a runed translucent gate.
 33887 | Elf:1    | Found a runed translucent gate.
 33914 | Elf:1    | Received a gift from Okawaru
 34260 | Elf:2    | Found a runed translucent gate.
 34260 | Elf:2    | Found a runed translucent gate.
 34260 | Elf:2    | Found a runed translucent gate.
 34394 | Elf:2    | Reached XP level 19. HP: 177/177 MP: 25/25
 34418 | Elf:2    | Received a gift from Okawaru
 34881 | Elf:2    | Received a gift from Okawaru
 35105 | Elf:2    | Identified the +0 hat of the Garden {Str+5 Int+2} (Okawaru
                  | gifted it to you on level 2 of the Elven Halls)
 35105 | Elf:2    | Received a gift from Okawaru
 35358 | Elf:3    | Entered Level 3 of the Elven Halls
 35360 | Elf:3    | Found Cuaf Cigigocw's Book Boutique.
 35362 | Elf:3    | Found Befu's Magic Scroll Shop.
 35364 | Elf:3    | Found Wyrymp's Armour Boutique.
 35401 | Elf:3    | Reached skill level 15 in Bows
 35827 | Elf:3    | Found a runed translucent door.
 35828 | Elf:3    | Noticed Efics's ghost (adept GnBr)
 35853 | Elf:3    | Killed Efics's ghost
 35860 | Elf:3    | Identified the +9 morningstar of Profit {vorpal, *Drain rF+
                  | Dex+4}
 36145 | Elf:3    | Identified the +9 executioner's axe "Wadgh" {flame, rElec
                  | rF- MP+9 SInv} (Okawaru gifted it to you on level 3 of the
                  | Elven Halls)
 36145 | Elf:3    | Received a gift from Okawaru
 36290 | Elf:3    | Identified the Volume of Battle Magic
 36316 | Elf:3    | Identified the ring of Saigafro {rF+ Dex+5}
 36323 | Elf:3    | Identified the ring "Poozahow" {*Slow rF+++ MP+9 Int+4
                  | SInv}
 36341 | Elf:3    | Identified the +5 morningstar of Kiqav {freeze, rElec rF+
                  | Int-5}
 36362 | Elf:3    | Found the +2 ratskin cloak {*Rats rPois rN+ Str-1 Int-1
                  | Dex+1}
 36366 | Elf:3    | Reached XP level 20. HP: 187/187 MP: 26/26
 36367 | Elf:3    | Received a gift from Okawaru
 36420 | Elf:3    | Identified the ring "Bianuamu" {+Fly rN+ AC+4 Int-5}
 36451 | Elf:3    | Identified the +9 quarterstaff of Superiority {antimagic,
                  | Dex+5}
 36472 | Elf:3    | Identified the +1 ring mail of Aplung {-Tele rN+ Will+
                  | Regen+}
 36828 | Elf:3    | Bought a scroll of blinking for 105 gold pieces
 37042 | Vaults:1 | Entered Level 1 of the Vaults
 37042 | Vaults:1 | Found Cimn's Antique Weapon Shop.
 37056 | Vaults:1 | Received a gift from Okawaru
 37087 | Vaults:1 | Identified the +8 dagger of Discord {vamp, Int+3 Dex+2}
 37170 | Vaults:1 | Received a gift from Okawaru
 37395 | Vaults:1 | Found a transporter.
 38160 | Vaults:1 | Found a transporter.
 38160 | Vaults:1 | Found a runed translucent door.
 38160 | Vaults:1 | Found a bloodstained altar of Trog.
 38222 | Vaults:1 | Identified the amulet "Ogem" {RegenMP Str+5 Int+7}
 38224 | Vaults:1 | Identified the +1 plate armour of Ubbiuzea {rF++}
 38531 | Vaults:2 | Found Cumoj's Antique Armour Shoppe.
 38562 | Vaults:2 | Bought a pair of polished gloves for 342 gold pieces
 38562 | Vaults:2 | Identified the +0 pair of gloves of Pubohij {*Corrode rF++
                  | rC+ Dex+2} (You bought it in a shop on level 2 of the
                  | Vaults)
 38562 | Vaults:2 | Bought a pair of runed gloves for 270 gold pieces
 38563 | Vaults:2 | Bought a bronze scale mail for 324 gold pieces
 38563 | Vaults:2 | Identified the +3 scale mail of the Game of Kings {Rampage
                  | rN+++ Will+++ Dex-2} (You bought it in a shop on level 2 of
                  | the Vaults)
 38682 | Vaults:2 | Received a gift from Okawaru
 38718 | Vaults:2 | Received a gift from Okawaru
 38843 | Vaults:2 | Received a gift from Okawaru
 38921 | Vaults:2 | Reached XP level 21. HP: 201/201 MP: 27/27
 39052 | Vaults:2 | Found a staircase to the Crypt.
 39123 | Crypt:1  | Entered Level 1 of the Crypt
 39510 | Vaults:2 | Received a gift from Okawaru
 40257 | Vaults:3 | Cast into level 1 of the Abyss (vault sentinel)
 40344 | Abyss:1  | Found a corrupted altar of Lugonu.
 40391 | Abyss:1  | Found a sacrificial altar of Ru.
 40511 | Abyss:1  | Identified the +3 longbow "Meplao" {flame, *Drain rF++
                  | Will++ Dex+3} (Okawaru gifted it to you on level 1 of the
                  | Abyss)
 40511 | Abyss:1  | Received a gift from Okawaru
 40896 | Vaults:3 | Escaped the Abyss
 41065 | Vaults:3 | Received a gift from Okawaru
 42116 | Vaults:4 | Reached XP level 22. HP: 219/220 MP: 28/28
 42713 | Vaults:5 | Entered Level 5 of the Vaults
 43358 | D:15     | Entered Level 15 of the Dungeon
 43531 | D:15     | Noticed Nessos
 43541 | D:15     | Killed Nessos
 43541 | D:15     | Received a gift from Okawaru
 43792 | D:15     | Found a staircase to the Depths.
 44141 | Depths:1 | Entered Level 1 of the Depths
 44142 | Depths:1 | Found Ybopreun's Jewellery Emporium.
 44261 | Depths:1 | Found a gateway to Hell.
 44574 | Depths:1 | Found a runed translucent door.
 44612 | Depths:1 | Found Maly Usa's Antique Armour Emporium.
 44646 | Depths:1 | Found a one-way gate to the infinite horrors of the Abyss.
 44765 | Depths:1 | Found Ugua's Magic Scroll Shop.
 44770 | Depths:1 | Bought a scroll of acquirement for 780 gold pieces
 44771 | Depths:1 | Acquired 1046 gold pieces
 44851 | Depths:1 | Noticed a juggernaut
 44855 | Depths:1 | Found a runed translucent door.
 45459 | Depths:2 | Noticed Aizul
 45465 | Depths:2 | Killed Aizul
 45512 | Depths:2 | Noticed the Enchantress
 45534 | Depths:2 | Killed the Enchantress
 45630 | Depths:2 | Received a gift from Okawaru
 45851 | Depths:2 | Found a runed translucent door.
 45852 | Depths:2 | Found a runed translucent door.
 45853 | Depths:2 | Noticed Tacsoot's ghost (adept DrGl)
 45855 | Depths:2 | Noticed a dread lich
 45890 | Depths:2 | Killed Tacsoot's ghost
 45896 | Depths:2 | Received a gift from Okawaru
 45941 | Depths:2 | Killed a dread lich
 46281 | Depths:2 | Reached XP level 23. HP: 226/226 MP: 29/29
 46293 | Depths:2 | Identified the +0 scale mail of Terror {rElec MP+9}
                  | (Okawaru gifted it to you on level 2 of the Depths)
 46293 | Depths:2 | Received a gift from Okawaru
 46347 | Depths:2 | Noticed Mara
 46356 | Depths:2 | Killed Mara
 46357 | Depths:2 | Noticed Nikola
 46377 | Depths:2 | Killed Nikola
 46652 | Depths:3 | Found a one-way gate leading to the halls of Pandemonium.
 46727 | Depths:3 | Found a gateway to a ziggurat.
 46765 | Depths:3 | Paralysed by a floating eye for 2 turns
 46768 | Depths:3 | Paralysed by a floating eye for 4 turns
 46773 | Depths:3 | Paralysed by a floating eye for 2 turns
 46842 | Depths:3 | Lost mutation: You are weak. (Str -2) [potion of mutation]
 46842 | Depths:3 | Gained mutation: You are clumsy. (Dex -2) [potion of
                  | mutation]
 46842 | Depths:3 | Gained mutation: You are occasionally teleported next to
                  | monsters. [potion of mutation]
 46842 | Depths:3 | Gained mutation: You are partially covered in rugged brown
                  | scales. (AC +1, +3% HP) [potion of mutation]
 46842 | Depths:3 | Gained mutation: Your system is resistant to poisons.
                  | (rPois) [potion of mutation]
 46843 | Depths:3 | Lost mutation: You are clumsy. (Dex -2) [potion of
                  | mutation]
 46843 | Depths:3 | Lost mutation: You are partially covered in rugged brown
                  | scales. (AC +1, +3% HP) [potion of mutation]
 46843 | Depths:3 | Gained mutation: Scrolls take you a little longer to read.
                  | [potion of mutation]
 46843 | Depths:3 | Gained mutation: You have sharp toenails. [potion of
                  | mutation]
 46843 | Depths:3 | Gained mutation: You are covered in fur. (AC +1) [potion of
                  | mutation]
 46843 | Depths:3 | Gained mutation: Your spells are a little harder to cast,
                  | but a little more powerful. [potion of mutation]
 46851 | Depths:3 | Lost mutation: Scrolls take you a little longer to read.
                  | [potion of mutation]
 46851 | Depths:3 | Lost mutation: Your spells are a little harder to cast, but
                  | a little more powerful. [potion of mutation]
 46851 | Depths:3 | Gained mutation: You passively map a small area around you.
                  | [potion of mutation]
 46851 | Depths:3 | Gained mutation: Your mind is acute. (Int +2) [potion of
                  | mutation]
 46852 | Depths:3 | Lost mutation: You are occasionally teleported next to
                  | monsters. [potion of mutation]
 46852 | Depths:3 | Lost mutation: You have sharp toenails. [potion of
                  | mutation]
 46852 | Depths:3 | Lost mutation: Your mind is acute. (Int +2) [potion of
                  | mutation]
 46852 | Depths:3 | Gained mutation: Your muscles are strong. (Str +2) [potion
                  | of mutation]
 47303 | Depths:3 | Found the +14 obsidian axe {vorpal, *Drain +Fly SInv}
 47314 | Depths:3 | Identified the +5 morningstar of Xuxkyz {speed, Str+4
                  | Dex-5}
 47315 | Depths:3 | Identified the Collected Works on the Frostbite and Attacks
 47355 | Depths:3 | Identified the ring of Duisergh {rPois MP-9 Str+2 Int+6}
 47358 | Depths:3 | Identified the +3 halberd of Fusuuh {protect, Str+5 Int+4}
 47663 | Depths:3 | Found a shimmering altar of Xom.
 47991 | Depths:4 | Received a gift from Okawaru
 48010 | Depths:4 | Received a gift from Okawaru
 48141 | Depths:4 | Received a gift from Okawaru
 48285 | Depths:4 | Received a gift from Okawaru
 48448 | Depths:4 | Found Ockib's Antique Weapon Shoppe.
 48449 | Depths:4 | Found Gucalemm's Antique Armour Emporium.
 48449 | Depths:4 | Found Kaod's Assorted Antiques.
 48452 | Depths:4 | Found Zuuherphi's Armour Emporium.
 48469 | Depths:4 | Bought a bloodstained shortbow for 280 gold pieces
 48469 | Depths:4 | Identified the +6 shortbow "Rifaofaaco" {venom, +Inv Will-
                  | Str+7 Dex-4} (You bought it in a shop on level 4 of the
                  | Depths)
 48469 | Depths:4 | Bought a masterwork long sword for 297 gold pieces
 48469 | Depths:4 | Identified the +5 long sword "Zorucw" {pain, rC+ Str+4}
                  | (You bought it in a shop on level 4 of the Depths)
 48475 | Depths:4 | Bought a ruby ring for 130 gold pieces
 48645 | Depths:4 | Received a gift from Okawaru
 49048 | Depths:5 | Entered Level 5 of the Depths
 49096 | Depths:5 | Found Yhug's Mayhem Merchandise.
 49115 | Depths:5 | Found a flickering gateway to a bazaar.
 49124 | Bazaar   | Entered a bazaar
 49138 | Bazaar   | Found Olaaq's Assorted Antiques.
 49138 | Bazaar   | Found Ykeizios's Antique Weapon Emporium.
 49160 | Bazaar   | Found Qennaeb's Book Shoppe.
 49160 | Bazaar   | Found Carot's Antique Armour Emporium.
 49181 | Bazaar   | Found Tilef's Weapon Shoppe.
 49181 | Bazaar   | Found Itonidirr's Weapon Emporium.
 49226 | Bazaar   | Bought a buzzing leather armour for 189 gold pieces
 49226 | Bazaar   | Identified the +2 leather armour of the Bouncing Ziggurats
                  | {Harm rC+ Regen+ Str-5} (You bought it in a shop in a
                  | bazaar)
 49226 | Bazaar   | Bought a pair of glowing boots for 202 gold pieces
 49226 | Bazaar   | Bought a runed scarf for 216 gold pieces
 49250 | Bazaar   | Bought a scroll of magic mapping for 45 gold pieces
 49250 | Bazaar   | Bought a potion of haste for 130 gold pieces
 49610 | Depths:5 | Identified the +2 robe "Vaggitio" {rPois rF- Will++ Regen+}
 49686 | Depths:5 | Reached XP level 24. HP: 245/245 MP: 29/29
 49878 | Depths:5 | Found a gate to the Realm of Zot.
 50423 | Depths:5 | Received a gift from Okawaru
 50727 | Depths:5 | Upgraded the game from 0.27-a0-604-g29a88b33a7 to
                  | 0.27-a0-607-g1ad3dbde53
 50727 | Depths:5 | asdf
 51149 | Vaults:5 | Noticed a dread lich
 51151 | Vaults:5 | Reached skill level 27 in Fighting
 51172 | Vaults:5 | Killed a dread lich
 51250 | Vaults:5 | Identified the +6 war axe "Retzaiv" {speed, rElec} (Okawaru
                  | gifted it to you on level 5 of the Vaults)
 51250 | Vaults:5 | Received a gift from Okawaru
 51407 | Vaults:5 | Noticed a dread lich
 51421 | Vaults:5 | Killed a dread lich
 51429 | Vaults:5 | Reached XP level 25. HP: 257/257 MP: 33/33
 51430 | Vaults:5 | Reached skill level 15 in Invocations
 51434 | Vaults:5 | Received a gift from Okawaru
 51465 | Vaults:5 | Identified the +6 shortbow of the Real Monster {venom, rC++
                  | rN++ Will-} (Okawaru gifted it to you on level 5 of the
                  | Vaults)
 51465 | Vaults:5 | Received a gift from Okawaru
 51529 | Vaults:5 | Got a silver rune of Zot
 51542 | Vaults:5 | Identified the +9 shortbow of Sitiwiaf {vorpal, rF++}
 52148 | Vaults:5 | Identified the +2 hand axe "Zegeuvo" {protect, Int+6}
 52171 | Vaults:5 | Identified the +4 crystal plate armour of Infinity {rN+
                  | Str+4 Dex+3} (Okawaru gifted it to you on level 5 of the
                  | Vaults)
 52171 | Vaults:5 | Received a gift from Okawaru
 52377 | Vaults:5 | Identified the +6 scimitar "Reyleschou" {venom, +Inv rC-
                  | Int+2}
 52531 | Vaults:5 | Identified the ring of Xoveon {rPois rF+ Str+3 Int+6
                  | Stlth+}
 53194 | Depths:1 | Killed a juggernaut
 53221 | Depths:1 | Identified the +1 plate armour of Wisdom {Dex-5 Slay+6}
 53775 | Slime:1  | Entered Level 1 of the Pits of Slime
 53789 | Slime:1  | Received a gift from Okawaru
 53973 | Slime:2  | Received a gift from Okawaru
 53980 | Slime:2  | Reached XP level 26. HP: 266/266 MP: 35/35
 54349 | Slime:3  | Identified the +6 scale mail of a ziggurat {rF+ Dex+4
                  | Stlth-} (Okawaru gifted it to you on level 3 of the Pits of
                  | Slime)
 54349 | Slime:3  | Received a gift from Okawaru
 54358 | Slime:3  | Gained mutation: Armour fits poorly on your strangely
                  | shaped body. [a shining eye]
 54359 | Slime:3  | Lost mutation: Your muscles are strong. (Str +2) [a shining
                  | eye]
 54360 | Slime:3  | Gained mutation: You possess an exceptional clarity of
                  | mind. [a shining eye]
 54361 | Slime:3  | Gained mutation: You are weak. (Str -2) [a shining eye]
 54453 | Slime:3  | Gained mutation: You are very weak. (Str -4) [a shining
                  | eye]
 54455 | Slime:3  | Gained mutation: You are frail. (-10% HP) [a shining eye]
 55876 | Slime:5  | Entered Level 5 of the Pits of Slime
 55980 | Slime:5  | Found a viscous altar of Jiyva.
 55982 | Slime:5  | Found the +3 Elemental Staff {rElec rF++ rC++ Will++ AC+5}
 56004 | Slime:5  | Received a gift from Okawaru
 56113 | Slime:5  | Noticed Dissolution
 56125 | Slime:5  | Paralysed by a floating eye for 2 turns
 56128 | Slime:5  | Killed Dissolution
 56128 | Slime:5  | Received a gift from Okawaru
 56196 | Slime:5  | Noticed the Royal Jelly
 56213 | Slime:5  | Killed the Royal Jelly
 56213 | Slime:5  | Received a gift from Okawaru
 56264 | Slime:5  | Identified the +2 kite shield "Weloega" {Str+2 Int+2}
 56269 | Slime:5  | Identified the +6 mace "Ewnorugea" {venom, +Rage}
 56304 | Slime:5  | Identified the +3 leather armour of the Apothecary {+Inv
                  | Will+++ Dex-4 SInv}
 56309 | Slime:5  | Got a slimy rune of Zot
 56382 | Slime:5  | Identified the ring "Awkycom" {Will+ Int+2 Dex+6 Slay+2}
 56969 | Vaults:5 | Lost mutation: You are frail. (-10% HP) [potion of
                  | mutation]
 56969 | Vaults:5 | Lost mutation: Armour fits poorly on your strangely shaped
                  | body. [potion of mutation]
 56969 | Vaults:5 | Gained mutation: Your spells are a little easier to cast,
                  | but a little less powerful. [potion of mutation]
 56969 | Vaults:5 | Gained mutation: You have a somewhat thin skeletal
                  | structure. (Dex +2, Stealth) [potion of mutation]
 56969 | Vaults:5 | Gained mutation: Your flesh is heat resistant. (rF+)
                  | [potion of mutation]
 57142 | Crypt:1  | Identified the +1 chain mail of the Raven {rElec Int-5
                  | Dex-5 Slay+5}
 58393 | Crypt:2  | Reached XP level 27. HP: 269/273 MP: 37/37
 58652 | Crypt:2  | Noticed Bai Suzhen
 58677 | Crypt:2  | Killed Bai Suzhen
 59620 | Crypt:3  | Entered Level 3 of the Crypt
 59627 | Crypt:3  | Received a gift from Okawaru
 59701 | Crypt:3  | Found a staircase to the Tomb.
 59924 | Crypt:3  | Received a gift from Okawaru
 60359 | Crypt:3  | Received a gift from Okawaru
 60583 | Crypt:3  | Found an ancient bone altar of Kikubaaqudgha.
 60583 | Crypt:3  | Found a basalt altar of Yredelemnul.
 61446 | Crypt:3  | Found the +8 storm bow {elec, penet}
 61459 | Crypt:3  | Identified the ring of Ruewisoh {MP+9 Int+6 SInv Stlth-}
 61478 | Crypt:3  | Found the +4 dagger "Morg" {pain, Will+ Int+5}
 61600 | Tomb:1   | Entered Level 1 of the Tomb of the Ancients
 62297 | Tomb:1   | Noticed a royal mummy
 62308 | Tomb:1   | Killed a royal mummy
 63759 | Hell     | Entered the Vestibule of Hell
 63759 | Hell     | Noticed Geryon
 63780 | Hell     | Killed Geryon
 63780 | Hell     | Received a gift from Okawaru
 63851 | Hell     | Found a gateway to the decaying netherworld of Tartarus.
 63991 | Hell     | Found a gateway to the freezing wastes of Cocytus.
 64054 | Hell     | Found a gateway to the Iron City of Dis.
 64211 | Hell     | Found a gateway to the ashen valley of Gehenna.
 64351 | Dis:1    | Entered Level 1 of the Iron City of Dis
 64381 | Dis:1    | Received a gift from Okawaru
 64545 | Dis:1    | Identified the +8 shortbow "Dijafrij" {freeze, Stlth+}
                  | (Okawaru gifted it to you on level 1 of the Iron City of
                  | Dis)
 64545 | Dis:1    | Received a gift from Okawaru
 66199 | Dis:4    | Identified the +5 longbow of Xetyell {freeze, rF- Str+3
                  | Int+2} (Okawaru gifted it to you on level 4 of the Iron
                  | City of Dis)
 66199 | Dis:4    | Received a gift from Okawaru
 66824 | Dis:4    | You fall into a shaft and drop 2 floors!
 67661 | Dis:6    | Identified the +5 ring mail of Beagh {Int+4} (Okawaru
                  | gifted it to you on level 6 of the Iron City of Dis)
 67661 | Dis:6    | Received a gift from Okawaru
 68544 | Dis:7    | Entered Level 7 of the Iron City of Dis
 68763 | Dis:7    | Reached skill level 27 in Invocations
 68966 | Dis:7    | HP: 4/273 [iron giant/iron shot (58)]
 70015 | Dis:7    | Reached skill level 5 in Stealth
 70046 | Dis:7    | Identified the +0 pair of boots of the Armadillo {*Drain
                  | rC+ Str+3} (Okawaru gifted it to you on level 7 of the Iron
                  | City of Dis)
 70046 | Dis:7    | Received a gift from Okawaru
 70887 | Dis:7    | Found the +4 staff of Dispater
 70887 | Dis:7    | Noticed Dispater
 70919 | Dis:7    | Killed Dispater
 70950 | Dis:7    | Identified the Grimoire of Transmutation
 70953 | Dis:7    | Identified the Catalogue of Gliding Arcane Weapons
 70956 | Dis:7    | Got an iron rune of Zot
 70958 | Dis:7    | Identified the Guide on Attacks and Black Rites
 71494 | Hell     | Upgraded the game from 0.27-a0-607-g1ad3dbde53 to
                  | 0.27-a0-637-g3a9f0a9c12
 71633 | Zot:1    | Entered Level 1 of the Realm of Zot
 71673 | Zot:1    | Received a gift from Okawaru
 71820 | Zot:1    | Identified the +3 leather armour "Ryheq" {rElec Will+}
 71992 | Zot:1    | Identified the +2 pair of boots of Kelead {rPois rCorr
                  | Slay+2} (Okawaru gifted it to you on level 1 of the Realm
                  | of Zot)
 71992 | Zot:1    | Received a gift from Okawaru
 73658 | Zot:3    | Received a gift from Okawaru
 76098 | Zot:5    | Entered Level 5 of the Realm of Zot
 76118 | Zot:5    | Identified the +7 triple sword "Hipsu" {protect, rPois rC+
                  | Int+3} (Okawaru gifted it to you on level 5 of the Realm of
                  | Zot)
 76118 | Zot:5    | Received a gift from Okawaru
 76168 | Zot:5    | Noticed an ancient lich
 76186 | Zot:5    | Killed an ancient lich
 76224 | Zot:5    | Received a gift from Okawaru
 76630 | Zot:5    | Noticed an orb of fire
 76632 | Zot:5    | Noticed an orb of fire
 76639 | Zot:5    | Noticed an orb of fire
 76643 | Zot:5    | Gained mutation: You are frail. (-10% HP) [an orb of fire]
 76644 | Zot:5    | Killed an orb of fire
 76646 | Zot:5    | Gained mutation: Your body sometimes deteriorates upon
                  | taking damage. [an orb of fire]
 76647 | Zot:5    | Gained mutation: Your magical capacity is low. (-10% MP)
                  | [an orb of fire]
 76650 | Zot:5    | Noticed an orb of fire
 76654 | Zot:5    | Killed an orb of fire
 76658 | Zot:5    | Killed an orb of fire
 76664 | Zot:5    | Reached skill level 27 in Dodging
 76669 | Zot:5    | Killed an orb of fire
 76671 | Zot:5    | Received a gift from Okawaru
 76694 | Zot:5    | Reached skill level 27 in Armour
 76746 | Zot:5    | Noticed an orb of fire
 76746 | Zot:5    | Gained mutation: You occasionally shout uncontrollably at
                  | your foes. [an orb of fire]
 76756 | Zot:5    | Gained mutation: You are very frail. (-20% HP) [an orb of
                  | fire]
 76768 | Zot:5    | Gained mutation: You sometimes yell uncontrollably at your
                  | foes. [an orb of fire]
 76786 | Zot:5    | HP: 2/218 [Orb Guardian (34)]
 76849 | Zot:5    | Killed from afar by an electric golem

Illustrated notes

#####....#..#######......#'##
#....#############......# #....#
#........#......# #....#
#........'......# #########....#
#.##########..... #............#
###°...○.[°.#..... #.###..#######
#..○○○.○..○.###### #.##...# ####
#.....°.....# #.
#.##.#.####..###@.........∩# #.
#...........[.##...○.°°.○..# ##
#..####...#').##....○.°°.○.#####.
#..#..##..#.#..#..○..○°.°°.#...#.
#..#...##.#.#^....##########...#.
#..#....###.#.........#....##..#.
##.#.#...##.#.........#....##..#.
#.#.##.∩.#.#.........#....##..#.
#.#.###....#.........'....'...'.


Turn 50727 on Depths:5: asdf

Levels and vault maps discovered:
D:1:      minmay_arrival_arboretum_large, layout_rooms
D:2:      layout_basic, lemuel_doored_altar, marbit_many_paths, uniq_natasha,
          uniq_jessica, uniq_sigmund
D:3:      layout_basic
D:4:      layout_cave_pods, chequers_decorated_corner, minmay_crystal_water,
          uniq_menkaure
D:5:      cheibrodos_quashed, layout_loops_ring,
          minmay_temple_entry_drinking_statues, minmay_misc_feat_alley
D:6:      layout_basic, basic_altar
D:7:      layout_rooms, kennysheep_mini_moat, kennysheep_mini, serial_aquarium,
          aquarium_bridge_square [aquarium_subvault_wall,
          aquarium_subvault_bridge, aquarium_subvault_wall,
          aquarium_subvault_bridge], aquarium_window_2, aquarium_window_fake,
          aquarium_view_2d, aquarium_view_2b, aquarium_balcony_5b, uniq_maggie,
          uniq_joseph
D:8:      layout_basic, overflow_temple_1_default,
          minmay_overflow_temple_star_quad, nicolae_vehumet_radiance,
          uniq_psyche
D:9:      cheibrodos_helix_gallery, layout_basic, overflow_temple_1_default,
          tso_oasis_becter, nicolae_gozag_seed_capital, minmay_lair_entry_grove,
          david_orc_3, serial_curves, eino_curves_02, eino_curves_01,
          serial_shops, shop, minmay_strange_pillars
D:10:     layout_irregular_city, small_statue_alley_b, minivault_24
D:11:     layout_long_grid, serial_shops,
          nicolae_shop_temple_entry_statues_fountains, shop,
          nicolae_shop_window_shopping, serial_undead, serial_undead_a,
          serial_undead_b, serial_undead_b, serial_undead_e, library_closet,
          fedhas_altar_2, uniq_urug, uniq_snorg
D:12:     layout_grid_maze
D:13:     layout_loops_cross, skrybe_vaults_entry_preservation,
          gammafunk_ghost_necromancy, portal_ice_cave_demonic_guard
D:14:     layout_gridville, serial_park_paths [serial_park_minivault_5x5_6]
D:15:     hangedman_depths_entry_try_elsewhere_first, layout_basic,
          minmay_unpleasant_kobolds, uniq_nessos
Temple:   eino_temple_lava
Lair:1:   layout_small_grid, st_stairs_7
Lair:2:   layout_loops_ring, beast_lair_carwin_6, lemuel_fruit_fields,
          serial_bayou_shore_a
Lair:3:   layout_big_grid, nicolae_lair_grove_arrangements,
          serial_bayou_shore_b, infiniplex_staircase_pool, uniq_fannar,
          uniq_rupert
Lair:4:   layout_roguey, elwin_shoals_entry_rooms,
          nicolae_spider_entry_orb_guardian, gammafunk_ghost_ooze,
          infiniplex_staircase_pool_2
Lair:5:   layout_regular_city, basic_altar
Lair:6:   grunt_lair_end_beastmaster, layout_layer_cave, slime_dummy,
          grunt_megastairs_2, serial_bayou_shore_b
Shoals:1: layout_shoals
Shoals:2: layout_shoals, serial_shops, nicolae_shop_trees
Shoals:3: layout_shoals, uniq_ilsuiw
Shoals:4: shoals_end_grunt_ice, layout_shoals, lemuel_oklob_altar
Spider:1: layout_spider_delve, uniq_asterion
Spider:2: nicolae_spider_corner, drop_trap
Spider:3: layout_spider_delve
Spider:4: spider_rune_water, nicolae_spider_shape
Slime:1:  layout_caves
Slime:2:  layout_caves
Slime:3:  layout_caves
Slime:4:  layout_caves
Slime:5:  uniq_dissolution
Orc:1:    layout_diamond_mine, minmay_orc_treasury, uniq_maurice
Orc:2:    st_orc_rangers, layout_caves, special_room, kennysheep_orc_chapel
Elf:1:    minmay_elf_arrival_summoners, layout_loops_corners, orc_legates,
          minmay_shop_grove
Elf:2:    layout_loops_cross, serial_co_window_serial,
          co_window_of_opportunity_a, co_window_paths_b, co_window_paths_a,
          co_window_of_opportunity_a, co_window_paths_a, co_window_paths_a,
          co_window_cross_3, co_window_corner_ca, co_window_corner_b,
          co_window_of_opportunity_c, co_window_of_opportunity_c,
          co_window_of_opportunity_c, glass_columns_a, glass_columns_a
Elf:3:    minmay_elf_hall_x, layout_loops_corners,
          ebering_ghost_reflecting_pool, minmay_shop_star
Vaults:1: emtedronai_trogs_sanctum, dpeg_vaults_monster_box,
          vaults_room_semicircle, vaults_room_grunt_arrival_ludios,
          nicolae_vaults_network_barrier, nicolae_vaults_border_crossing,
          vaults_room_pools, vaults_dpeg_ring, vaults_dpeg_hooks,
          layout_vaults_omnicross, serial_shops, nicolae_shop_statue_plus
Vaults:2: v_misc_17, nicolae_vaults_network_periphery,
          hangedman_vaults_stitches, nicolae_vaults_diagonal_hallway_7,
          vaults_dpeg_diagonal, grunt_vaults_diagonal, vaults_mumra_minichess,
          nicolae_vaults_rhombus_6, v_alt_pattern_2, ontoclasm_vaults_gateway,
          nicolae_vaults_yaktaur_gun_rack, minmay_crypt_entry_nasty_monster,
          layout_vaults_big_room, serial_shops, nicolae_shop_crystal,
          uniq_margery
Vaults:3: v_misc_5, vaults_standard_mumra_x, grunt_vaults_hallway_long,
          hangedman_vaults_variations, nicolae_vaults_big_angled_halls,
          v_misc_9, hangedman_vaults_corner, v_misc_11,
          vaults_room_stairs_pillars, ontoclasm_vaults_ring_square,
          nicolae_vaults_specimen_jars, vaults_room_ringed_pool,
          layout_vaults_omnibox
Vaults:4: hangedman_vaults_snaps, v_pattern_4, nicolae_vaults_three_branches,
          v_misc_24, v_misc_11, layout_vaults_quadrants
Vaults:5
Crypt:1:  layout_gridlike, minivault_25, st_stairs_11,
          nicolae_crypt_ancient_font
Crypt:2:  minmay_shadows, layout_catacombs, lemuel_freeze_loot_1,
          uniq_bai_suzhen
Crypt:3:  lightli_unholy_cathedral, layout_chaotic_city, hex_medium,
          grunt_ministairs_1
Tomb:1
Depths:1: layout_gridville, serial_bayou_lagoon_a, grunt_mini_vestibule,
          serial_shops, nicolae_shop_crystal, shop_scrolls, shop, abyss_entry,
          nrook_mini_backslash, minmay_st_funbox, minmay_fountain_box,
          minmay_acid_items, serial_bayou_shore_b
Depths:2: nzn_winding_woodlands_small [nzn_winding_woodlands_5x15_cabin,
          nzn_winding_woodlands_center_garden,
          nzn_winding_woodlands_5x15_parted], layout_gridlike,
          nicolae_water_bricks, muffindrake_ghost_dual_entry,
          hangedman_geh_valley, uniq_enchantress, uniq_nikola, uniq_aizul,
          uniq_mara
Depths:3: vault_1, layout_gridlike, enter_ziggurat_c,
          chequers_serial_rivers_small_3, hell_entry, grunt_pan_entry_sceptre,
          xom_teletrap_fun, infiniplex_staircase_x, serial_bayou_shore_b
Depths:4: minmay_box_of_statues, layout_gridlike, pf_hell_entry_tar_spiral,
          marbit_kobold_abyss_entry, chequers_serial_rivers_room_a,
          kennysheep_minor_cross, minmay_shoptagon,
          infiniplex_staircase_squiggle
Depths:5: evilmike_zot_entry_argh, layout_gridville, serial_shops, bzr_firewalk,
          hellmouth_1, serial_rivers, chequers_serial_rivers_micro_a,
          chequers_serial_rivers_small_b, chequers_serial_rivers_micro_b,
          chequers_serial_rivers_micro_c, minmay_misc_feat_columns,
          grunt_pan_entry_zigzag, minmay_shop_mayhem, amcnicky_mini_pool_small
Hell
Dis:1:    layout_chaotic_city, grunt_megastairs_4
Dis:2:    layout_subdivisions
Dis:3:    hangedman_iron_city_apartments, layout_chaotic_city
Dis:4:    layout_subdivisions, hangedman_dis_decor_blocks_mantle
Dis:6:    layout_gridville, nicolae_dis_strange_trophy_room,
          hangedman_dis_decor_tower
Dis:7:    dis_grunt_layers
Zot:1:    layout_concentric_octagons, grunt_ministairs_7
Zot:2:    grunt_zot_stairs_overgrown, layout_cathedral_of_symmetry,
          ebering_ghost_xom
Zot:3:    layout_twisted_circle, st_single_dragon_hoard_3
Zot:4:    layout_concentric_octagons
Zot:5:    layout_misc_corridors, bh_zot_levy_curve

Skill      XL: |  1  2  3  4  5  6  7  8  9 10 11 12 13 14 15 16 17 18 19 20 21 22 23 24 25 26 27 |
---------------+----------------------------------------------------------------------------------+-----
Axes           | 4 6 7 9 10 13 14 15 16 19 20 22 | 22.3
Fighting       | 5 6 8 9 11 12 13 15 16 17 18 20 23 26 27 | 27.0
Stealth        | 2 5 |  5.0
Dodging        | 4 6 9 10 11 12 14 15 16 17 18 21 22 27 | 27.0
Armour         | 2 4 5 7 10 11 12 13 15 16 17 18 19 20 22 27 | 27.0
Invocations    | 2 3 5 7 8 10 14 19 23 27 | 27.0
Bows           | 1 4 6 8 13 15 16 22 | 22.2
Evocations     | 4 5 6 |  6.2

Action                   |  1- 3 |  4- 6 |  7- 9 | 10-12 | 13-15 | 16-18 | 19-21 | 22-24 | 25-27 || total
-------------------------+-------+-------+-------+-------+-------+-------+-------+-------+-------++-------
Melee: Hand axe          |    53 |    98 |   258 |       |       |       |       |       |       ||   409
       Headbutt          |    12 |    17 |    68 |   150 |   211 |   268 |   267 |   370 |   988 ||  2351
       War axe           |       |       |    28 |   169 |       |       |       |       |       ||   197
       Flail             |       |       |       |   459 |   120 |       |       |       |       ||   579
       Shortbow          |       |       |       |     2 |       |       |       |       |       ||     2
       Battleaxe         |       |       |       |       |   243 |       |       |       |       ||   243
       Punch             |       |       |       |       |     2 |       |       |       |       ||     2
       Executioner's axe |       |       |       |       |   404 |  1043 |   937 |  1026 |  2516 ||  5926
 Fire: Hunting sling     |       |     7 |    41 |     5 |       |       |       |       |       ||    53
       Shortbow          |       |       |       |   212 |    86 |    52 |       |       |       ||   350
       Longbow           |       |       |       |       |       |       |       |    16 |   214 ||   230
Throw: Stone             |     6 |     1 |       |     5 |     1 |       |       |       |       ||    13
Invok: Heroism           |       |       |     2 |     5 |     6 |    10 |    14 |     7 |    16 ||    60
       Finesse           |       |       |       |       |       |     1 |     3 |     2 |     6 ||    12
Evoke: Lightning rod     |       |       |       |     3 |       |       |       |       |       ||     3
       Wand              |       |       |       |     2 |     1 |     2 |       |       |     1 ||     6
       Phantom mirror    |       |       |       |       |       |       |       |       |     1 ||     1
       Condenser vane    |       |       |       |       |       |       |       |       |     1 ||     1
  Use: Scroll            |     4 |     6 |    11 |     5 |    15 |     5 |     7 |     4 |    11 ||    68
       Potion            |       |       |     2 |     2 |     2 |       |     7 |     7 |    31 ||    51
 Stab: Sleeping          |     3 |     1 |     4 |     1 |       |       |       |       |       ||     9
       Petrified         |       |       |       |       |     1 |       |       |       |       ||     1
       Held in net/web   |       |       |       |       |       |     1 |       |       |       ||     1
       Invisible         |       |       |       |       |       |       |    13 |       |       ||    13
       Distracted        |       |       |       |       |       |       |       |       |     2 ||     2
Armor: Leather armour    |     2 |       |       |       |       |       |       |       |       ||     2
       Scale mail        |     3 |     4 |       |       |       |       |       |       |       ||     7
       Ring mail         |       |    11 |    35 |       |       |       |       |       |       ||    46
       Acid dragon scale |       |       |    23 |   142 |       |       |       |       |       ||   165
       Plate armour      |       |       |       |    87 |       |       |       |       |       ||    87
       Crystal plate arm |       |       |       |    33 |   613 |  1113 |   563 |   671 |  1208 ||  4201
Dodge: Dodged            |    28 |    47 |    88 |   274 |   323 |   698 |   554 |   862 |  2394 ||  5268
Block: Other             |       |     8 |    36 |   141 |    15 |       |       |       |       ||   200
       Reflection        |       |       |     2 |     5 |       |       |       |       |       ||     7

Table legend: (Time is in decaauts)
 A = Elapsed time spent in this place.
 B = Non-inter-level travel time spent in this place.
 C = Inter-level travel time spent in this place.
 D = Time resting spent in this place.
 E = Time spent auto-exploring this place.
 F = Levels seen in this place.
 G = Mean time per level.
                   A        B        C        D        E       F      G
               +--------+--------+--------+--------+--------+-----+--------+
         Total |  76199 |  70489 |   5710 |   6996 |  37874 |  69 | 1104.3 |
       Dungeon |  18776 |  16930 |   1846 |   1606 |  10722 |  15 | 1251.7 |
        Temple |     14 |     14 |      0 |      0 |      0 |   1 |   14.0 |
          Lair |   5870 |   5090 |    780 |      7 |   3799 |   6 |  978.3 |
        Shoals |   3962 |   3729 |    233 |      0 |   2327 |   4 |  990.5 |
   Spider Nest |   3771 |   3425 |    346 |      0 |   2049 |   4 |  942.8 |
    Slime Pits |   2736 |   2698 |     38 |      0 |   1215 |   5 |  547.2 |
  Orcish Mines |   1653 |   1545 |    108 |      0 |    890 |   2 |  826.5 |
   Elven Halls |   3831 |   3647 |    184 |      0 |   2317 |   3 | 1277.0 |
        Vaults |   7229 |   6164 |   1065 |      0 |   3780 |   5 | 1445.8 |
         Crypt |   4901 |   4642 |    259 |    900 |   1704 |   3 | 1633.7 |
          Tomb |   1834 |   1737 |     97 |    559 |    454 |   1 | 1834.0 |
        Depths |   6955 |   6294 |    661 |    101 |   3645 |   5 | 1391.0 |
          Hell |    949 |    935 |     14 |    362 |      0 |   1 |  949.0 |
           Dis |   6654 |   6643 |     11 |   2008 |   1782 |   6 | 1109.0 |
           Zot |   5102 |   5039 |     63 |   1029 |   2902 |   5 | 1020.4 |
         Abyss |    626 |    626 |      0 |      0 |      0 |   1 |  626.0 |
        Bazaar |    174 |    174 |      0 |      0 |      0 |   1 |  174.0 |
      Ice Cave |   1154 |   1154 |      0 |    423 |    286 |   1 | 1154.0 |
               +--------+--------+--------+--------+--------+-----+--------+

Top non-repeatable levels by time:
   Dis:7: 2516 daAuts
    D:10: 2226 daAuts
     D:9: 2118 daAuts
    D:11: 2035 daAuts
 Crypt:3: 1981 daAuts
  Tomb:1: 1834 daAuts
 Crypt:2: 1800 daAuts
Vaults:5: 1741 daAuts
   Dis:6: 1699 daAuts
Depths:1: 1613 daAuts
   Zot:3: 1589 daAuts
Depths:5: 1552 daAuts
Vaults:1: 1548 daAuts
Vaults:4: 1467 daAuts
   Elf:3: 1426 daAuts
